 Dungeon Crawl Stone Soup version 0.31-a0-236-g9a0961fb85 (webtiles) character file.

Game seed: 16861392714854958399

105 qw the Shooter (level 4, -2/26 HPs)
             Began as a Gargoyle Hexslinger on July 10, 2023.
             Slain by a gnoll
             ... wielding a +0 club
              (5 damage)
             ... on level 3 of the Dungeon.
             The game lasted 00:00:40 (1704 turns).

qw the Shooter (Gargoyle Hexslinger)                Turns: 1704, Time: 00:00:41

Health: -2/26      AC:  8    Str: 11    XL:     4   Next: 81%
Magic:  5/5        EV: 10    Int: 14    God:
Gold:   41         SH:  0    Dex: 14    Spells: 4/5 levels left

rFire   . . .        Y - +1 sling
rCold   . . .        (no shield)
rNeg    + . .        d - +0 ring mail
rPois   inf          (no helmet)
rElec   +            (no cloak)
rCorr   .            (no gloves)
SInv    .            (no boots)
Will    .....        (no amulet)
Stlth   +            (no ring)
HPRegen 0.24/turn    (no ring)
MPRegen 0.09/turn

%: no passive effects
@: no status effects
A: sickness immunity, AC +3, negative energy resistance 1, electricity
resistance, torment resistance 1, petrification resistance
a: no special abilities


You were on level 3 of the Dungeon.
You visited 1 branch of the dungeon, and saw 3 of its levels.

You collected 113 gold pieces.
You spent 72 gold pieces at shops.


Innate Abilities, Weirdness & Mutations

You are immune to sickness and miasma.
Your stone body is resilient. (AC +3)
You are immune to poison.
You resist negative energy. (rN+)
You are resistant to electric shocks. (rElec)
You are resistant to unholy torment.
You are immune to petrification.


   Skills:
 - Level 2.0 Fighting
 + Level 4.4 Ranged Weapons
 - Level 1.0 Armour
 - Level 1.5 Dodging
 - Level 1.0 Spellcasting
 - Level 2.6 Hexes


You had 4 spell levels left.
You knew the following spells:

 Your Spells              Type           Power      Damage    Failure   Level
a - Slow                  Hex            32%        N/A       21%         1

Your spell library contained the following spells:

 Spells                   Type           Power      Damage    Failure   Level
 Inner Flame              Hex/Fire       4%         N/A       71%         3
 Portal Projectile        Hex/Tloc       8%         N/A       71%         3
 Cause Fear               Hex            4%         N/A       90%         4

Inventory:

Hand Weapons
 Y - a +1 sling (weapon)
Armour
 d - a +0 ring mail (worn)
Scrolls
 i - a scroll of identify
Potions
 a - 2 potions of curing
 b - a potion of haste
 g - 2 potions of degeneration {unknown}
 j - a potion of heal wounds {unknown}
 k - a potion of resistance {unknown}

Dungeon Overview and Level Annotations

Branches:
Dungeon (3/15)

Altars:
Elyvilon
Fedhas
Zin
The Shining One

Shops:
D:2 ![(!*


Message History

The gnoll is severely wounded.
The gnoll closely misses you. The gnoll hits you with a +0 club. x2
The gnoll barely misses you.
You shoot a sling bullet. The sling bullet hits the gnoll.
The gnoll is almost dead.
The gnoll closely misses you. The gnoll hits you with a +0 club.
You shoot a sling bullet.
The sling bullet barely misses the gnoll.
The gnoll barely misses you. The gnoll closely misses you.
You shoot a sling bullet.
The sling bullet closely misses the gnoll.
The gnoll hits you but does no damage. x2
You shoot a sling bullet.
The sling bullet closely misses the gnoll.
The gnoll hits you but does no damage. The gnoll completely misses you.
The gnoll barely misses you. The gnoll closely misses you.
You shoot a sling bullet. The sling bullet hits the gnoll.
You kill the gnoll!
The gnoll hits you with a +0 club.
You shoot a sling bullet.
The sling bullet closely misses the gnoll.
The sling bullet barely misses the orc.
The sling bullet hits the sleepcap.
The sleepcap is moderately damaged.
The gnoll closely misses you.
You shoot a sling bullet.
The sling bullet closely misses the gnoll.
The sling bullet barely misses the orc.
The sling bullet hits the sleepcap but does no damage.
The sleepcap is moderately damaged.
The gnoll closely misses you. The gnoll hits you but does no damage.
You shoot a sling bullet.
The sling bullet completely misses the gnoll.
The sling bullet closely misses the orc.
The sling bullet hits the sleepcap.
The sleepcap is moderately damaged.
The gnoll closely misses you.
You shoot a sling bullet. The sling bullet hits the gnoll.
The gnoll is moderately wounded.
The gnoll hits you but does no damage. The gnoll hits you with a +0 club.
You die...

##.## #... #.# #... #.#
###. ##+## #. ##...## #.
##.....## ###. ..#
##.......## ##.#.
.....##.........####....
...)fog@........'.......
.....##)........###.....
..# ##)......## #.#.#.
##.....## #.###. ##...##
#.# #. ##+## #.# ## #77
## 77777. 77...77


You could see a sleepcap, a gnoll and an orc.

Vanquished Creatures
  Jessica (D:2)
  An adder (D:2)
  2 gnolls (D:3)
  2 worms (D:2)
  A dart slug (D:1)
  3 ball pythons
  4 bats
  5 endoplasms
  3 giant cockroaches (D:1)
  4 goblins
  4 hobgoblins
  2 jackals (D:2)
  4 kobolds
  A frilled lizard (D:1)
  A spectral kobold (D:1)
38 creatures vanquished.

Notes
Turn   | Place    | Note
-------+----------+-------------------------------------------
     0 | D:1      | qw the Gargoyle Hexslinger began the quest for the Orb.
     0 | D:1      | Reached XP level 1. HP: 12/12 MP: 2/2
     0 | D:1      | 0 ||| qw: Version: 0.3-a-52-g30416fa
     0 | D:1      | 0 ||| qw: Game counter: 4900
     0 | D:1      | 0 ||| qw: Melee chars always use a shield: true
     0 | D:1      | 0 ||| qw: God list: Okawaru
     0 | D:1      | 0 ||| qw: Allow faded altars: false
     0 | D:1      | 0 ||| qw: Do Orc after clearing Dungeon:15 true
     0 | D:1      | 0 ||| qw: Do second Lair branch before Depths: true
     0 | D:1      | 0 ||| qw: Lair rune preference: random
     0 | D:1      | 0 ||| qw: Goals: Normal
     0 | D:1      | 0 ||| PLANNING D:1-11
   228 | D:1      | Reached XP level 2. HP: 16/16 MP: 3/3
   356 | D:1      | Reached skill level 3 in Ranged Weapons
   408 | D:1      | Found a faded altar of an unknown god.
   705 | D:1      | 705 ||| UPGRADING to +0 ring mail.
   715 | D:1      | 715 ||| DROPPING +0 robe.
   716 | D:1      | 716 ||| READING scroll labelled NUMANIMAMI.
   717 | D:1      | 717 ||| READING scroll labelled JEARU JAJAETWO.
   720 | D:1      | 720 ||| READING scroll labelled NEDGHA ZIOHY.
   721 | D:1      | 721 ||| READING 2 scrolls labelled XESHUI YFETUC.
   722 | D:1      | 722 ||| DROPPING scroll of poison.
   740 | D:2      | Found Veeph's Distillery.
   749 | D:2      | 749 ||| SHOPLISTING potion of cancellation (104 gold, have
                  | 65).
   749 | D:2      | 749 ||| BUYING potion of curing (39 gold).
   749 | D:2      | Bought a potion of curing for 39 gold pieces
   749 | D:2      | 749 ||| SHOPLISTING potion of haste (130 gold, have 26).
   749 | D:2      | 749 ||| SHOPLISTING potion of resistance (130 gold, have
                  | 26).
   761 | D:2      | Reached XP level 3. HP: 21/21 MP: 4/4
   797 | D:2      | Found a blossoming altar of Fedhas.
   849 | D:2      | Found Tekim's Antique Weapon Emporium.
   855 | D:2      | 855 ||| SHOPLISTING glowing sling (103 gold, have 40).
   866 | D:2      | Found Luiwiemo's Armour Emporium.
   869 | D:2      | 869 ||| SHOPLISTING +0 cloak (49 gold, have 40).
   869 | D:2      | 869 ||| SHOPLISTING +0 pair of boots (49 gold, have 40).
   971 | D:2      | Noticed Jessica
   985 | D:2      | Killed Jessica
   986 | D:2      | Reached skill level 4 in Ranged Weapons
   986 | D:2      | Reached XP level 4. HP: 8/26 MP: 5/5
   988 | D:2      | HP: 5/26 [hobgoblin (3)]
  1080 | D:2      | Found Zedeqav's Distillery.
  1090 | D:2      | Reached skill level 1 in Armour
  1119 | D:2      | 1119 ||| SHOPLISTING 2 potions of cancellation (176 gold,
                  | have 57).
  1119 | D:2      | 1119 ||| SHOPLISTING 2 potions of mutation (176 gold, have
                  | 57).
  1119 | D:2      | 1119 ||| BUYING potion of curing (33 gold).
  1119 | D:2      | Bought a potion of curing for 33 gold pieces
  1119 | D:2      | 1119 ||| SHOPLISTING potion of heal wounds (55 gold, have
                  | 24).
  1119 | D:2      | 1119 ||| SHOPLISTING potion of might (44 gold, have 24).
  1196 | D:2      | HP: 6/26 [worm (4)]
  1506 | D:2      | Found Adoi's Assorted Antiques.
  1519 | D:2      | 1519 ||| SHOPLISTING fuming silvery potion (27 gold, have
                  | 24).
  1519 | D:2      | 1519 ||| SHOPLISTING pair of runed boots (225 gold, have
                  | 24).
  1519 | D:2      | 1519 ||| SHOPLISTING purple potion (27 gold, have 24).
  1562 | D:2      | 1562 ||| READING 3 scrolls of identify.
  1562 | D:2      | 1562 ||| IDENTIFYING dark potion
  1563 | D:2      | 1563 ||| READING 2 scrolls of identify.
  1563 | D:2      | 1563 ||| IDENTIFYING blue potion
  1564 | D:2      | 1564 ||| DROPPING potion of attraction.
  1652 | D:3      | Found a glowing silver altar of Zin.
  1653 | D:3      | Found a glowing golden altar of the Shining One.
  1654 | D:3      | Found a white marble altar of Elyvilon.
  1695 | D:3      | HP: 5/26 [gnoll/+0 club (2)]
  1700 | D:3      | HP: 2/26 [gnoll/+0 club (4)]
  1704 | D:3      | Slain by a gnoll

Levels and vault maps discovered:
D:1:      lemuel_arrival_muddy, layout_loops_ring,
          dreamdust_ecumenical_altar_drowned_temple
D:2:      layout_basic, basic_altar, serial_shops,
          nicolae_shop_getting_attention, nicolae_shop_window_shopping, shop,
          shop, nicolae_shop_trees, serial_bayou_lagoon_a,
          minmay_gold_behind_fungi, uniq_jessica
D:3:      layout_loops_corners, good_gods_temple_1,
          nicolae_overflow_crystal_walls, grunt_decor_resistance, minmay_cut_off

Skill      XL: |  1  2  3  4 |
---------------+-------------+-----
Ranged Weapons | 3 4 |  4.4
Fighting       | 2 |  2.0
Armour         | 1 |  1.0
Dodging        | |  1.5
Spellcasting   | |  1.0
Hexes          | |  2.6

Action                     |  1- 3 |  4- 6 || total
---------------------------+-------+-------++-------
   Fire: Sling             |   106 |    59 ||   165
    Use: Scroll            |     4 |     2 ||     6
 Armour: Robe              |     7 |       ||     7
         Ring mail         |    14 |    19 ||    33
  Dodge: Dodged            |    43 |    26 ||    69

Table legend:
 A = Non-vault XP
 B = Vault XP
 C = Vault XP percentage of total XP
 D = Non-vault monster count
 E = Vault monster count
 F = Vault count percentage of total count
                 A         B        C        D         E       F
            +---------+---------+-------+---------+---------+-------
      Total |     112 |      38 |  25.3 |      36 |       2 |   5.3
            +---------+---------+-------+---------+---------+-------
        D:1 |      26 |       1 |   3.7 |      13 |       1 |   7.1
        D:2 |      59 |      37 |  38.5 |      21 |       1 |   4.5
        D:3 |      27 |       0 |   0.0 |       2 |       0 |   0.0
            +---------+---------+-------+---------+---------+-------
